 Dungeon Sprint DCSS version 0.26-a0-846-gcc8f1ee719 (webtiles) character file.

Game seed: 8620719294008113320

484 rocky1 the Frost Mage (level 7, -2/66 HPs)
             Began as a Gargoyle Ice Elementalist on Nov 20, 2020.
             Was an Elder of Sif Muna.
             Slain by an ice devil (12 damage)
             ... in the Dungeon (Sprint VII: "The Pits").
             The game lasted 00:03:49 (634 turns).

rocky1 the Frost Mage (Gargoyle Ice Elementalist)    Turns: 634, Time: 00:03:50

Health: -2/66      AC: 13    Str: 12    XL:     7   Next: 12%
Magic:  8/14       EV: 13    Int: 17    God:    Sif Muna [****..]
Gold:   0          SH:  0    Dex: 10    Spells: 5/16 levels left

rFire    . . .     SeeInvis .   m - +1 mace (protect)
rCold    . . .     Faith    .   (no shield)
rNeg     + . .     Spirit   .   a - +0 robe
rPois    ∞         Reflect  .   (no helmet)
rElec    +         Harm     .   (no cloak)
rCorr    .         Rampage  .   (no gloves)
MR       .....     NoTele   +   (no boots)
Stlth    ..........             (no amulet)
HPRegen  0.21/turn              (no ring)
MPRegen  0.14/turn              (no ring)

@: berserking, protection aura, very quick
A: negative energy resistance 1, electricity resistance, unbreathing,
petrification resistance, rot immunity, AC +4
a: Channel Magic, Forget Spell, Divine Exegesis, Renounce Religion


You were in the Dungeon.
You worshipped Sif Muna.
Sif Muna was greatly pleased with you.
You visited 1 branch

Inventory:

Hand Weapons
 m - a +1 mace of protection (weapon)
Armour
 a - a +0 robe (worn)
Scrolls
 h - a scroll of blinking
 i - 3 scrolls of remove curse
 j - 5 scrolls of amnesia
 k - a scroll of summoning
Potions
 b - 2 potions of invisibility
 c - 6 potions of curing
 d - 5 potions of heal wounds
 e - a potion of haste
 f - 4 potions of magic
 g - 2 potions of berserk rage


   Skills:
 + Level 5.4 Fighting
 + Level 4.9 Maces & Flails
 + Level 4.5 Dodging
 - Level 2.1 Stealth
 + Level 5.0 Spellcasting
 - Level 10.1 Ice Magic
 + Level 5.4 Invocations


You had 5 spell levels left.
You knew the following spells:

 Your Spells              Type           Power        Failure   Level
a - Freeze                Ice            ####         1%          1
b - Frozen Ramparts       Ice            #####.       1%          3
c - Ozocubu's Armour      Ice            #####...     1%          3
d - Hailstorm             Conj/Ice       ###.....     17%         4

Your spell library contained the following spells:

 Spells                   Type           Power        Failure   Level
 Summon Ice Beast         Ice/Summ       ###.....     17%         4


Dungeon Overview and Level Annotations

Branches:
Dungeon (1/1)

Altars:
Ashenzari
Cheibriados
Dithmenos
Elyvilon
Fedhas
Gozag
Hepliaklqana
Kikubaaqudgha
Makhleb
Nemelex Xobeh
Okawaru
Qazlal
Ru
Sif Muna
Trog
Uskayaw
Vehumet
Wu Jian
Xom
Yredelemnul
Zin
The Shining One
Beogh
Jiyva
Lugonu


Innate Abilities, Weirdness & Mutations

You are resistant to torment.
Your stone body is resilient. (AC +4)
You are immune to poison.
You resist negative energy. (rN+)
You are resistant to electric shocks. (rElec)
You can survive without breathing.
You are immune to petrification.
You are immune to rotting.


Message History

Your weapon exudes an aura of protection.
The ice devil completely resists.
The wall freezes the ice devil but do no damage.
The ice devil closely misses you.
You sock the ice devil!
The ice devil is lightly wounded.
The ice devil completely resists.
The wall freezes the ice devil but do no damage.
The ice devil hits you! The ice devil freezes you!!
* * * LOW HITPOINT WARNING * * *
You sock the ice devil!
The ice devil is heavily wounded.
The frozen ramparts melt away.
The ice devil hits you but does no damage.
You closely miss the ice devil.
The ice devil is heavily wounded.
The ice devil hits you.
* * * LOW HITPOINT WARNING * * *
The ice devil freezes you!
You die...

#.#........##.......#
#'###########.......#
#..#.#.## #########
#.......# ##.#.#.##
#.......#+#
##.#.#.##.+
#.......#4#
##.#.#..†@#
##########


You could see an ice devil.

Vanquished Creatures
  A warg (D)
  2 floating eyes (D)
  A phantom (D)
  An iron imp (D)
  A gnoll (D)
  A river rat (D)
  2 ufetubi (D)
  2 adder skeletons (D)
  2 leopard geckos (D)
  A ball python (D)
  A bat (D)
  A rat (D)
16 creatures vanquished.

Notes
Turn   | Place    | Note
-------+----------+-------------------------------------------
     0 | D        | rocky1 the Gargoyle Ice Elementalist began the quest for
                  | the Orb.
     0 | D        | Reached XP level 1. HP: 10/10 MP: 3/3
    22 | D        | Found a bloodstained altar of Trog.
    22 | D        | Found a shimmering blue altar of Sif Muna.
    22 | D        | Found a viscous altar of Jiyva.
    22 | D        | Found a hazy altar of Hepliaklqana.
    22 | D        | Found an opulent altar of Gozag.
    23 | D        | Found a glowing golden altar of the Shining One.
    23 | D        | Found a glowing silver altar of Zin.
    23 | D        | Found a basalt altar of Yredelemnul.
    23 | D        | Found a shimmering altar of Xom.
    23 | D        | Found an ornate altar of the Wu Jian Council.
    23 | D        | Found a sacrificial altar of Ru.
    23 | D        | Found a stormy altar of Qazlal.
    23 | D        | Found an iron altar of Okawaru.
    23 | D        | Found a sparkling altar of Nemelex Xobeh.
    23 | D        | Found a burning altar of Makhleb.
    23 | D        | Found a blossoming altar of Fedhas.
    23 | D        | Found a white marble altar of Elyvilon.
    23 | D        | Found a shadowy altar of Dithmenos.
    23 | D        | Found a snail-covered altar of Cheibriados.
    26 | D        | Found a corrupted altar of Lugonu.
    26 | D        | Found a radiant altar of Vehumet.
    26 | D        | Found a roughly hewn altar of Beogh.
    27 | D        | Found an ancient bone altar of Kikubaaqudgha.
    27 | D        | Found a hide-covered altar of Uskayaw.
    27 | D        | Found a broken altar of Ashenzari.
    28 | D        | Became a worshipper of Sif Muna the Loreminder
    64 | D        | Noticed a floating eye
    69 | D        | Paralysed by a floating eye for 4 turns
    75 | D        | Killed a floating eye
    76 | D        | Reached skill level 9 in Ice Magic
    76 | D        | Reached XP level 2. HP: 15/15 MP: 5/5
    76 | D        | Reached XP level 3. HP: 19/19 MP: 6/6
    76 | D        | Reached XP level 4. HP: 24/24 MP: 7/7
    78 | D        | Reached skill level 10 in Ice Magic
    87 | D        | Learned a level 3 spell: Frozen Ramparts
    91 | D        | Learned a level 3 spell: Ozocubu's Armour
    94 | D        | Noticed a floating eye
   102 | D        | Reached * piety under Sif Muna
   102 | D        | Paralysed by a floating eye for 4 turns
   108 | D        | Paralysed by a floating eye for 3 turns
   113 | D        | Killed a floating eye
   114 | D        | Reached XP level 5. HP: 32/32 MP: 6/10
   148 | D        | Reached ** piety under Sif Muna
   149 | D        | Reached XP level 6. HP: 30/37 MP: 4/11
   426 | D        | Learned a level 4 spell: Hailstorm
   437 | D        | Noticed a phantom
   447 | D        | Reached *** piety under Sif Muna
   488 | D        | Killed a phantom
   488 | D        | Reached **** piety under Sif Muna
   619 | D        | Noticed a warg
   623 | D        | Killed a warg
   624 | D        | Reached skill level 5 in Fighting
   624 | D        | Reached skill level 5 in Spellcasting
   624 | D        | Reached skill level 5 in Invocations
   624 | D        | Reached XP level 7. HP: 44/44 MP: 6/14
   626 | D        | Noticed an ice devil
   634 | D        | Slain by an ice devil

Illustrated notes

Levels and vault maps discovered:
D:        pitsprint [storerooms_1, entrance_room_1, metal_vault_2, armoury_2,
          mini_pit_1, grid_room_1, main_hall_1, silver_pit, the_coven_3,
          the_vestibule_1, steel_vault_3, golden_pit, hallway_of_sentries,
          crystal_vault_2, iron_vault_4, final_vault]

Skill      XL: |  1  2  3  4  5  6 |
---------------+-------------------+-----
Ice Magic      | 9 10 | 10.1
Fighting       | 3 5 |  5.4
Maces & Flails | 2 4 |  4.9
Dodging        | 3 4 |  4.5
Spellcasting   | 3 5 |  5.0
Invocations    | 3 5 |  5.4
Stealth        | |  2.1

Action                   |  1- 3 |  4- 6 |  7- 9 || total
-------------------------+-------+-------+-------++-------
Melee: Mace              |     4 |    47 |     6 ||    57
 Cast: Freeze            |     1 |     6 |       ||     7
       Frozen Ramparts   |       |     4 |       ||     4
       Ozocubu's Armour  |       |     3 |       ||     3
  Use: Potion            |       |       |     2 ||     2
Armor: Robe              |     1 |    20 |     1 ||    22
Dodge: Dodged            |     1 |    32 |     4 ||    37

Table legend: (Time is in decaauts)
 A = Elapsed time spent in this place.
 B = Non-inter-level travel time spent in this place.
 C = Inter-level travel time spent in this place.
 D = Time resting spent in this place.
 E = Time spent auto-exploring this place.
 F = Levels seen in this place.
 G = Mean time per level.
                   A        B        C        D        E       F      G
               +--------+--------+--------+--------+--------+-----+--------+
         Total |    646 |    646 |      0 |    345 |      0 |   1 |  646.0 |
       Dungeon |    646 |    646 |      0 |    345 |      0 |   1 |  646.0 |
               +--------+--------+--------+--------+--------+-----+--------+

Top non-repeatable levels by time:
       D: 646 daAuts
